 Dungeon Crawl Stone Soup version 0.24.0-13-gcf9b3192b9 (webtiles) character file.

Game seed: 6899100580048170148, levelgen mode: deterministic

1393 Delamore the Cleaver (level 8, -6/64 HPs)
             Began as a Hill Orc Monk on Nov 7, 2019.
             Killed from afar by AlterAsc's ghost (31 damage)
             ... with a stone arrow
             ... on level 5 of the Dungeon.
             The game lasted 00:08:23 (3759 turns).

Delamore the Cleaver (Hill Orc Monk)                Turns: 3759, Time: 00:08:24

Health: -6/64      AC: 12    Str: 16    XL:     8   Next: 68%
Magic:  8/8        EV:  5    Int: 10    God:
Gold:   233        SH:  0    Dex: 13    Spells: 7/7 levels left

rFire    . . .     SeeInvis .   d - +2 hand axe (chop)
rCold    . . .     Gourm    .   (no shield)
rNeg     . . .     Faith    .   k - +0 plate armour
rPois    .         Spirit   .   (no helmet)
rElec    .         Reflect  .   m - +0 cloak
rCorr    .         Harm     .   (no gloves)
MR       .....                  o - +0 pair of boots
Stlth    ..........             (no amulet)
HPRegen  0.20/turn              (no ring)
MPRegen  0.11/turn              (no ring)

@: no status effects
A: no striking features
a: no special abilities


You were on level 5 of the Dungeon.
You were not hungry.

You visited 1 branch of the dungeon, and saw 5 of its levels.

You collected 233 gold pieces.

Inventory:

Hand Weapons
 d - a +2 hand axe of chopping (weapon)
 x - a +0 trident of piercing
Missiles
 p - 3 curare-tipped darts (quivered)
Armour
 k - a +0 plate armour (worn)
 m - a +0 cloak (worn)
 o - a +0 pair of boots (worn)
 u - a +0 pair of gloves
Wands
 l - a wand of paralysis (11)
 s - a wand of flame (8)
Scrolls
 a - 5 scrolls of identify {unknown}
 e - 2 scrolls of teleportation {unknown}
 h - a scroll of fear {unknown}
 i - 2 scrolls of fog {unknown}
 n - 2 scrolls of remove curse {unknown}
 r - a scroll of noise {unknown}
 t - a scroll of enchant armour {unknown}
 w - a scroll of magic mapping {unknown}
Potions
 b - a potion of mutation {unknown}
 f - 2 potions of agility {unknown}
 g - 3 potions of heal wounds {unknown}
 j - 5 potions of curing {unknown}
 q - a potion of invisibility {unknown}
Comestibles
 c - 9 rations
 v - 2 chunks of flesh


   Skills:
 - Level 3.6 Fighting
 + Level 13.4 Axes
 + Level 0.5 Throwing
 - Level 0.3 Armour
 - Level 2.4 Dodging
 - Level 1.5 Stealth
 + Level 0.4 Evocations


You had 7 spell levels left.
You didn't know any spells.
Your spell library was empty.

Dungeon Overview and Level Annotations

Branches:
Dungeon (5/15)
 Temple: D:4-7

Altars:
Nemelex Xobeh

Annotations:
D:5 AlterAsc's ghost, novice GrEE


Message History

AlterAsc's ghost is severely damaged.
AlterAsc's ghost ripples.
AlterAsc's ghost gestures wildly while chanting.
AlterAsc's ghost blinks!
Items here: ( )) / a +0 short sword; 26 stones; a +0 dagger; a wand of enslavement (9) AlterAsc's ghost casts a spell at you.
The blast of sand hits you but does no damage.
Things that are here:
a +0 club; 4 stones Evoke which item? (* to show all) (? for menu, Esc to quit)
Aiming: Throw Flame
Press: ? - help, Shift-Dir - straight line, f - AlterAsc's ghost
Aim: AlterAsc's ghost (severely damaged)
The puff of flame misses AlterAsc's ghost.
You are too injured to fight recklessly!
You are too injured to fight recklessly!
AlterAsc's ghost points at you and mumbles some strange words.
The stone arrow hits you!!
You die...

##### ### ### ....# #..
..# ###.# #.# #.# #.# #.#
#.# #.### #####.### #.#
#...####........# #.#
#...'..#.###..#)#####.#
#...##.#.....W@))(....#
########.#.##'''##))#####
.......#.###.....##.#
######.#.##§.#.#.≈#.#
......[.>##⌠.#(#.⌠#.#
#####.....#≈ #.#.≈#.#
#####.###### ....##.#
...........# ...##..#
#####.############..#


You could see AlterAsc's ghost.

Vanquished Creatures
  Sigmund (D:2)
  Duvessa (D:4)
  A centaur (D:2)
  3 ogres
  A big kobold (D:5)
  Dowan (D:4)
  A scorpion (D:5)
  3 howler monkeys
  3 electric eels (D:4)
  2 crimson imps
  2 orc wizards
  Jessica (D:2)
  Terence (D:2)
  3 worker ants (D:4)
  4 adders
  A shadow imp (D:5)
  An ooze (D:3)
  4 worms
  A dart slug (D:2)
  5 leopard geckos
  6 orcs
  7 bats
  8 giant cockroaches
  15 goblins
  4 hobgoblins
  3 jackals (D:3)
  14 kobolds
  A quokka (D:2)
  6 frilled lizards
  5 rats
109 creatures vanquished.

Vanquished Creatures (others)
  3 fungi (D:5)
  A plant (D:5)
4 creatures vanquished.

Grand Total: 113 creatures vanquished

Notes
Turn   | Place    | Note
-------+----------+-------------------------------------------
     0 | D:1      | Delamore the Hill Orc Monk began the quest for the Orb.
     0 | D:1      | Reached XP level 1. HP: 19/19 MP: 1/1
   190 | D:1      | Reached XP level 2. HP: 23/26 MP: 2/2
   454 | D:1      | Reached skill level 5 in Axes
   758 | D:2      | Reached XP level 3. HP: 30/31 MP: 3/3
   838 | D:2      | Noticed Terence
   868 | D:2      | Killed Terence
   868 | D:2      | Reached skill level 6 in Axes
   868 | D:2      | Reached XP level 4. HP: 25/39 MP: 4/4
  1066 | D:2      | Noticed a centaur
  1073 | D:2      | Killed a centaur
  1073 | D:2      | Reached skill level 7 in Axes
  1073 | D:2      | Reached XP level 5. HP: 35/45 MP: 5/5
  1225 | D:2      | Noticed Sigmund
  1234 | D:2      | Killed Sigmund
  1234 | D:2      | Reached skill level 9 in Axes
  1234 | D:2      | Reached XP level 6. HP: 38/51 MP: 6/6
  1346 | D:2      | Noticed Jessica
  1361 | D:2      | Killed Jessica
  2046 | D:3      | Reached skill level 10 in Axes
  2046 | D:3      | Reached XP level 7. HP: 34/57 MP: 7/7
  2333 | D:4      | Noticed Duvessa
  2333 | D:4      | Noticed Dowan
  2346 | D:4      | Killed Duvessa
  2347 | D:4      | Killed Dowan
  2347 | D:4      | Reached skill level 11 in Axes
  2374 | D:4      | Found a sparkling altar of Nemelex Xobeh.
  2394 | D:4      | Found a transporter.
  2414 | D:4      | Found a transporter.
  2590 | D:4      | Reached XP level 8. HP: 47/64 MP: 8/8
  2626 | D:4      | Reached skill level 12 in Axes
  3342 | D:5      | Entered Level 5 of the Dungeon
  3495 | D:5      | Reached skill level 13 in Axes
  3626 | D:5      | Found a runed translucent gate.
  3626 | D:5      | Found a runed translucent gate.
  3626 | D:5      | Found a runed translucent gate.
  3627 | D:5      | Noticed AlterAsc's ghost (novice GrEE)
  3759 | D:5      | Killed from afar by AlterAsc's ghost

Levels and vault maps discovered:
D:1:      dpeg_arrival_morbid_curiosity, layout_loops_ring
D:2:      layout_loops_cross, uniq_sigmund, uniq_terence, uniq_jessica
D:3:      layout_basic, minmay_ogre_servants
D:4:      gammafunk_steamed_eel, layout_rooms, nemelex_diamond_rough_becter,
          uniq_duvessa
D:5:      layout_basic, first_ration, gammafunk_ghost_nasty_kobolds,
          minmay_holes, kennysheep_generic_room_3

Skill      XL: |  1  2  3  4  5  6  7  8 |
---------------+-------------------------+-----
Axes           | 5 6 7 9 10 11 13 | 13.4
Fighting       | |  3.6
Throwing       | |  0.5
Armour         | |  0.3
Dodging        | |  2.4
Stealth        | |  1.5
Evocations     | |  0.4

Action                   |  1- 3 |  4- 6 |  7- 9 || total
-------------------------+-------+-------+-------++-------
Melee: Hand axe          |   108 |   118 |   154 ||   380
Throw: Dart              |       |       |     2 ||     2
Evoke: Wand              |       |       |     6 ||     6
 Stab: Sleeping          |     2 |       |       ||     2
  Eat: Chunk             |       |     4 |     2 ||     6
       Ration            |       |       |     1 ||     1
Armor: Chain mail        |    41 |       |       ||    41
       Plate armour      |    27 |    75 |    73 ||   175
Dodge: Dodged            |    32 |    15 |    30 ||    77
